 Dungeon Crawl Stone Soup version 0.31-a0-1338-gb567cfdca4 (webtiles) character file.

Game seed: 14796294728035746221

5 runemasterragnar the Apothecary (level 1, -1/13 HPs)
             Began as a Demonspawn Alchemist on Dec 22, 2023.
             Slain by a cerulean imp
             ... wielding a +1 spear
             ... summoned by Natasha
              (4 damage)
             ... on level 2 of the Dungeon.
             The game lasted 00:01:11 (191 turns).

runemasterragnar the Apothecary (DsAl)               Turns: 191, Time: 00:01:12

Health: -1/13      AC:  2    Str:  8    XL:     1   Next: 66%
Magic:  2/3        EV: 12    Int: 15    God:
Gold:   12         SH:  0    Dex: 13    Spells: 3/4 levels left

rFire   . . .        d - +0 dagger
rCold   . . .        (no shield)
rNeg    . . .        a - +0 robe
rPois   .            (no helmet)
rElec   .            (no cloak)
rCorr   .            (no gloves)
SInv    .            (no boots)
Will    .....        (no amulet)
Stlth   ++           (no ring)
HPRegen 0.22/turn    (no ring)
MPRegen 0.08/turn

%: no passive effects
@: slowed, very slow
A: no striking features
a: no special abilities


You were on level 2 of the Dungeon.
You visited 1 branch of the dungeon, and saw 2 of its levels.

You collected 12 gold pieces.

Inventory:

Hand Weapons
 d - a +0 dagger (weapon)
Armour
 a - a +0 robe (worn)
Talismans
 c - a flux talisman


   Skills:
 - Level 1.7 Dodging
 - Level 1.7 Stealth
 + Level 2.1 Spellcasting
 + Level 1.2 Conjurations
 * Level 3.2 Alchemy


You had 3 spell levels left.
You knew the following spells:

 Your Spells              Type           Power      Damage    Failure   Level
a - Sting                 Conj/Alch      32%        1d5       9%          1

Your spell library contained the following spells:

 Spells                   Type           Power      Damage    Failure   Level
 Mercury Vapours          Alch/Air       12%        N/A       17%         2
 Mephitic Cloud           Conj/Alch/Air  5%         N/A       36%         3
 Olgreb's Toxic Radiance  Alch           11%        N/A       52%         4
 Sticky Flame             Fire/Alch      6%         2d4       75%         4


Dungeon Overview and Level Annotations

Branches:
Dungeon (2/15)

Altars:

Annotations:
D:2 Natasha


Message History

Natasha claws you but does no damage.
You barely miss Natasha.
Natasha is moderately wounded.
Natasha misses you.
You hit Natasha.
Natasha is heavily wounded.
Natasha closely misses you.
Natasha stares at you and mumbles some strange words.
The magic dart hits you!
Ouch! That really hurt!
* * * LOW HITPOINT WARNING * * *
You feel much better. Natasha claws you.
The kobold hits you but does no damage.
Your magical contamination has completely faded away.
Casting: Sting (safe; 9% risk of failure)
Confirm with . or Enter, or press ? or * to list all spells.
Aiming: Sting (safe; 9% risk of failure)
Press: ? - help, Shift-Dir - straight line, f/p - Natasha
Aim: Natasha (heavily wounded, poisoned, 60% to hit)
The sting misses Natasha.
Natasha looks more healthy.
Natasha casts a spell.
The kobold hits you with a +0 dagger. Natasha casts a spell at you.
You resist with significant effort. Magic courses through your body.
The kobold closely misses you. Natasha barely misses you.
The cerulean imp hits you from afar with a +1 spear.
* * * LOW HITPOINT WARNING * * *
The kobold barely misses you.
Unknown command.
Casting: Sting (safe; 9% risk of failure)
Confirm with . or Enter, or press ? or * to list all spells.
Aiming: Sting (safe; 9% risk of failure)
Press: ? - help, Shift-Dir - straight line, f/p - Natasha
Aim: Natasha (severely wounded, 60% to hit)
The sting hits Natasha.
Natasha is poisoned.
Natasha is severely wounded.
Natasha misses you.
The cerulean imp hits you from afar with a +1 spear.
You die...

#........###....#
####........# #....#
........###..##....#
......†.# #.......#
........# ##.#####
........######..
...........[....
...##.5......... ...
#...@....... ..
#...Kh...####
#........#
#........#
#........#
#.........
#..........
#####......#


You could see Natasha (poisoned), a cerulean imp (summoned) and a kobold.

Vanquished Creatures
  2 goblins
  A quokka (D:1)
  A bat (D:2)
  A kobold (D:2)
5 creatures vanquished.

Notes
Turn   | Place    | Note
-------+----------+-------------------------------------------
     0 | D:1      | runemasterragnar the Demonspawn Alchemist began the quest
                  | for the Orb.
     0 | D:1      | Reached XP level 1. HP: 13/13 MP: 3/3
    80 | D:1      | You fall into a shaft and drop 1 floor!
   179 | D:2      | Found the +3 pair of mountain boots {steadfast, rC+}
   181 | D:2      | Noticed Natasha
   190 | D:2      | Noticed a cerulean imp
   191 | D:2      | Slain by a cerulean imp

Illustrated notes

Levels and vault maps discovered:
D:1:      ncdulo_lavacross, layout_loops_ring
D:2:      minmay_angry_zag, layout_basic, uniq_natasha

Action                     || total
---------------------------++-------
  Melee: Dagger            ||     5
         Unarmed           ||     2
   Cast: Sting             ||    11
    Use: Potion            ||     2
         Scroll            ||     1
 Armour: Robe              ||    13
  Dodge: Dodged            ||    11

Table legend: (Time is in decaauts)
 A = Elapsed time spent in this place.
 B = Non-inter-level travel time spent in this place.
 C = Inter-level travel time spent in this place.
 D = Time resting spent in this place.
 E = Time spent auto-exploring this place.
 F = Levels seen in this place.
 G = Mean time per level.
                   A        B        C        D        E       F      G
               +--------+--------+--------+--------+--------+-----+--------+
         Total |    193 |    193 |      0 |      0 |    136 |   2 |   96.5 |
       Dungeon |    193 |    193 |      0 |      0 |    136 |   2 |   96.5 |
               +--------+--------+--------+--------+--------+-----+--------+

Top non-repeatable levels by time:
     D:2: 113 daAuts
     D:1: 79 daAuts
